 Dungeon Crawl Stone Soup version 0.22-b1-21-g5cfc1688f2 (webtiles) character file.

99 underopantsu the Grave Robber (level 5, -9/35 HPs)
             Began as a Human Necromancer on Aug 6, 2018.
             Mangled by an ogre
             ... wielding a +0 giant spiked club
              (27 damage)
             ... on level 4 of the Dungeon.
             The game lasted 00:08:01 (2582 turns).

underopantsu the Grave Robber (Human Necromancer)   Turns: 2582, Time: 00:08:01

Health: -9/35      AC:  2    Str:  8    XL:     5   Next: 2%
Magic:  0/8        EV: 12    Int: 16    God:
Gold:   174        SH:  0    Dex: 14    Spells: 0/8 levels left

rFire    . . .     SeeInvis .   h - +0 whip
rCold    . . .     Gourm    .   (no shield)
rNeg     . . .     Faith    .   a - +0 robe
rPois    .         Spirit   .   (no helmet)
rElec    .         Reflect  .   (no cloak)
rCorr    .         Harm     .   (no gloves)
MR       .....                  (no boots)
Stlth    ++........             (no amulet)
HPRegen  0.11/turn              (no ring)
MPRegen  0.11/turn              (no ring)

@: no status effects
A: no striking features
a: no special abilities


You were on level 4 of the Dungeon.
You were not hungry.

You visited 1 branch of the dungeon, and saw 4 of its levels.

You collected 174 gold pieces.

Inventory:

Hand Weapons
 b - a +0 spear
 d - a +0 hand axe
 h - a +0 whip (weapon)
Missiles
 p - 8 needles of frenzy
 s - 12 poisoned needles
 u - a throwing net (quivered)
Armour
 a - a +0 robe (worn)
 q - a +0 leather armour of magic resistance
Scrolls
 e - 3 scrolls of identify {unknown}
 f - 4 scrolls of teleportation {unknown}
 j - a scroll of immolation {unknown}
 k - 2 scrolls of amnesia {unknown}
 l - 2 scrolls of magic mapping {unknown}
 o - a scroll of noise {unknown}
 r - 3 scrolls of remove curse {unknown}
Potions
 g - 2 potions of curing {unknown}
 i - 2 potions of lignification {unknown}
 n - a potion of degeneration {unknown}
 t - a potion of resistance {unknown}
 v - a potion of ambrosia {unknown}
Comestibles
 c - 3 rations
 m - a chunk of flesh


   Skills:
 + Level 1.6 Maces & Flails
 - Level 2.0 Dodging
 - Level 3.2 Stealth
 - Level 2.0 Spellcasting
 + Level 5.0 Necromancy


You couldn't memorise any spells.
You knew the following spells:

 Your Spells              Type           Power        Failure   Level  Hunger
a - Pain                  Necr           ###.         2%          1    #......
b - Vampiric Draining     Necr           ###.......   8%          3    ###....
k - Animate Skeleton      Necr           N/A          2%          1    #......
r - Regeneration          Chrm/Necr      #.........   22%         3    ###....

Your spell library contained the following spells:

 Spells                   Type           Power        Failure   Level  Hunger
 Animate Dead             Necr           N/A          26%         4    #####..


Dungeon Overview and Level Annotations

Branches:
Dungeon (4/15)
 Temple: D:4-7

Altars:
Elyvilon
Xom

Annotations:
D:2 Sigmund
D:3 exclusion: ice beast


Message History

Aim: an ogre, wielding a giant spiked club (moderately wounded)
You throw a throwing net.
The throwing net barely misses the ogre.
The ogre hits you with a giant spiked club!!
Ouch! That really hurt!
Casting: Vampiric Draining (safe; 8% risk of failure)
Confirm with . or Enter, or press ? or * to list all spells.
You don't have enough magic to cast that spell.
Unknown command.
Some of the chunks of flesh in your inventory have rotted away.
Casting: Vampiric Draining (safe; 8% risk of failure)
Confirm with . or Enter, or press ? or * to list all spells.
Aiming: Vampiric Draining (safe; 8% risk of failure)
Press: ? - help, Shift-Dir - straight line, f/p - ogre
Aim: an ogre, wielding a giant spiked club (moderately wounded)
The ogre is almost dead.
You feel life coursing into your body.
The ogre hits you with a giant spiked club!!
Ouch! That really hurt!
You die...

#.?............#####.(..#
.. #.#####....###.#
#..###.... . #.#......#
#......... #.###.#####
##.####### ## .## #.#
####### . #.#####.....# #
######.........#.#
#.#.#.###.O....#####.#....
#........@####.# #.###.#
##..#.##..####.# #......
.<........##.# #######
...#.##..#.##.# .....
#.......# #...<....##.####
# # ######..# #.## #.#


You could see an ogre.

Vanquished Creatures
  Jessica (D:2)
  2 adders (D:2)
  An ooze (D:2)
  A worm (D:3)
  A leopard gecko (D:4)
  3 orcs (D:2)
  4 bats
  2 giant cockroaches (D:1)
  4 goblins
  6 hobgoblins
  4 jackals (D:3)
  2 kobolds
  A quokka (D:3)
  4 frilled lizards
  4 rats
40 creatures vanquished.

Vanquished Creatures (collateral kills)
  A worm (D:2)
  An orc (D:2)
2 creatures vanquished.

Grand Total: 42 creatures vanquished

Notes
Turn   | Place    | Note
-------+----------+-------------------------------------------
     0 | D:1      | underopantsu the Human Necromancer began the quest for the Orb.
     0 | D:1      | Reached XP level 1. HP: 13/13 MP: 3/3
   234 | D:1      | Reached XP level 2. HP: 16/19 MP: 1/5
   559 | D:1      | Learned a level 1 spell: Animate Skeleton
  1252 | D:2      | Noticed Jessica
  1296 | D:2      | Killed Jessica
  1296 | D:2      | Reached XP level 3. HP: 9/24 MP: 1/6
  1301 | D:2      | Learned a level 3 spell: Vampiric Draining
  1512 | D:2      | Reached XP level 4. HP: 29/30 MP: 4/7
  1696 | D:2      | Reached skill level 1 in Maces & Flails
  1930 | D:2      | Noticed Sigmund
  1996 | D:3      | Reached skill level 5 in Necromancy
  2280 | D:3      | Found a shimmering altar of Xom.
  2280 | D:3      | Found a shimmering altar of Xom.
  2280 | D:3      | Found a shimmering altar of Xom.
  2281 | D:3      | Found a shimmering altar of Xom.
  2387 | D:3      | Noticed an ice beast
  2412 | D:3      | Found a shimmering altar of Xom.
  2414 | D:3      | Found a shimmering altar of Xom.
  2414 | D:3      | You fall through a shaft!
  2447 | D:4      | Found a white marble altar of Elyvilon.
  2513 | D:4      | Reached XP level 5. HP: 33/35 MP: 8/8
  2521 | D:4      | Learned a level 3 spell: Regeneration
  2536 | D:4      | Noticed an ogre
  2582 | D:4      | Mangled by an ogre

Skill      XL: |  1  2  3  4 |
---------------+-------------+-----
Stealth        | 3 |  3.2
Maces & Flails | 1 |  1.6
Necromancy     | 5 |  5.0
Dodging        | |  2.0
Spellcasting   | |  2.0

Action                   |  1- 3 |  4- 6 || total
-------------------------+-------+-------++-------
Melee: Hand axe          |     1 |       ||     1
       Whip              |    24 |    78 ||   102
       Spear             |    12 |       ||    12
Throw: Throwing net      |       |     2 ||     2
 Cast: Pain              |    21 |    20 ||    41
       Animate Skeleton  |     2 |    12 ||    14
       Vampiric Draining |       |     4 ||     4
       Regeneration      |       |     1 ||     1
 Stab: Sleeping          |     3 |     5 ||     8
  Eat: Ration            |     1 |     1 ||     2
Armor: Robe              |     9 |    16 ||    25
Dodge: Dodged            |    25 |    60 ||    85
